 Dungeon Crawl Stone Soup version 0.21-a0-1-gaf3b9a5 (webtiles) character file.

266 turnburgler the Skirmisher (level 6, -8/52 HPs)
             Began as a Gnoll Arcane Marksman on May 20, 2017.
             Mangled by turnburgler's ghost (10 damage)
             ... on level 4 of the Dungeon.
             The game lasted 00:25:34 (3475 turns).

turnburgler the Skirmisher (Gnoll Arcane Marksman)  Turns: 3475, Time: 00:25:35

Health: -8/52      AC:  6    Str: 14    XL:     6   Next: 20%
Magic:  9/9        EV: 14    Int: 13    God:
Gold:   265        SH:  6    Dex: 15    Spells: 6/9 levels left

rFire    . . .     SeeInvis .   g - +3 hand axe
rCold    . . .     Gourm    .   r - +1 buckler
rNeg     . . .     Faith    .   C - +0 animal skin
rPois    .         Spirit   .   D - +0 helmet
rElec    .         Reflect  .   o - +0 cloak
rCorr    .         Harm     .   (no gloves)
MR       .....                  (no boots)
Stlth    ++........             (no amulet)
Regen    0.2/turn               (no ring)
MPRegen  0.2/turn               (no ring)

@: mighty, about to teleport, hasted, very quick
A: short attention span, fangs 1, thin metallic scales 1, weak 1, strong nose
a: no special abilities


You were on level 4 of the Dungeon.
You were not hungry.

You visited 1 branch of the dungeon, and saw 4 of its levels.

You collected 265 gold pieces.

Inventory:

Hand Weapons
 a - a +0 hand crossbow
 g - a +3 hand axe (weapon)
 n - a +0 hunting sling
Missiles
 d - 16 bolts
 i - 47 arrows
 l - 150 stones (quivered)
 u - 5 curare-tipped needles
 A - 12 sling bullets
Armour
 o - a +0 cloak (worn)
 r - a +1 buckler (worn)
 v - a +0 chain mail
 C - a +0 animal skin (worn)
 D - a +0 helmet (worn)
Wands
 y - a wand of iceblast (10/15)
Scrolls
 k - 3 scrolls of identify {unknown}
 q - a scroll of recharging
Potions
 p - a potion of invisibility {unknown}
 z - a potion of berserk rage {unknown}
Books
 c - a book of Debilitation

   Spells                             Type                      Level
   a - Corona                         Hexes                        1
   b - Slow                           Hexes                        2
   c - Inner Flame                    Hexes/Fire                   3
   d - Portal Projectile              Hexes/Translocation          3
   e - Cause Fear                     Hexes                        4
   f - Leda's Liquefaction            Hexes/Earth                  4
Comestibles
 b - a royal jelly
 f - a bread ration
 h - 12 chunks of flesh


   Skills:
 + Level 6.2 Fighting
 - Level 1.6 Slings
 - Level 3.2 Crossbows
 + Level 4.6 Dodging
 + Level 3.0 Stealth
 + Level 2.9 Shields
 + Level 2.4 Spellcasting
 - Level 5.7 Hexes


You had 6 spell levels left.
You knew the following spells:

 Your Spells              Type           Power        Failure   Level  Hunger
a - Corona                Hex            ###....      2%          1    #......
b - Slow                  Hex            ###.....     4%          2    ###....


Dungeon Overview and Level Annotations

Branches:
Dungeon (4/15)             Temple (0/1) D:4

Altars:
Cheibriados
Kikubaaqudgha
Uskayaw

Annotations:
D:4 turnburgler's ghost, amateur HuWn


Innate Abilities, Weirdness & Mutations

You have a short attention span.
You have very sharp teeth.
Your uncanny sense of smell can sniff out nearby items.
You are partially covered in thin metallic scales. (AC +2)
You are weak. (Str -2)


Message History

Turnburgler's ghost hits you!
* * * LOW HITPOINT WARNING * * *
As you read the scroll labeled VIKHIS REUDUM, it crumbles to dust.
You feel aware of your surroundings.
You sensed 2 altars.
It was a scroll of magic mapping.
As you read the scroll labeled SOAQ CIOBLOVO, it crumbles to dust.
It is a scroll of enchant armour.
Your +0 buckler glows green for a moment.
You block turnburgler's ghost's attack.
As you read the scroll labeled WITHRU UMAUWK, it crumbles to dust.
You feel strangely unstable.
It was a scroll of teleportation.
Turnburgler's ghost hits you.
* * * LOW HITPOINT WARNING * * *
It was a potion of mutation.
You feel extremely strange.
You feel weaker.
Thin metallic scales grow over part of your body.
It was a potion of might.
You feel very mighty all of a sudden. Turnburgler's ghost hits you!
You die...

*** *,** ###* ***** *,,*
#..#* ****,,,, *,,**
*#..##### ***,,,,,,, **,,*
*#..#..# *,,,,,,,,, *,,*
##..@#* *#......,,, *,,**
#..)W## #........,, **,,*
###...## #........., *,,*
###.(## #........<. *,,*
##.(###.......... **,**
##.(##?.($...... *,,******
##..#..........
*,,,,,,,**** ##...........#
*,,,.......***##.........#*


You could see turnburgler's ghost.

Vanquished Creatures
  Jessica (D:2)
  Ijyb (D:4)
  A worker ant (D:4)
  Robin (D:4)
  9 adders
  4 oozes
  2 dart slugs (D:1)
  3 leopard geckos (D:3)
  An orc (D:3)
  2 bats (D:2)
  5 giant cockroaches
  12 goblins
  11 hobgoblins
  4 jackals (D:3)
  2 quokkas (D:2)
  A ball python (D:2)
  2 frilled lizards
  6 kobolds
  6 rats
74 creatures vanquished.

Notes
Turn   | Place    | Note
-------+----------+-------------------------------------------
     0 | D:1      | turnburgler the Gnoll Arcane Marksman began the quest for the Orb.
     0 | D:1      | Reached XP level 1. HP: 16/16 MP: 3/3
    39 | D:1      | Reached skill level 5 in Hexes
    73 | D:1      | Reached skill level 2 in Fighting
   193 | D:1      | Reached XP level 2. HP: 7/22 MP: 2/4
   652 | D:1      | Reached skill level 3 in Fighting
   652 | D:1      | Reached XP level 3. HP: 21/29 MP: 3/5
  1163 | D:1      | Reached skill level 4 in Fighting
  1371 | D:2      | Found a snail-covered altar of Cheibriados.
  1579 | D:2      | Noticed Jessica
  1587 | D:2      | Killed Jessica
  1587 | D:2      | Reached skill level 5 in Fighting
  1587 | D:2      | Reached skill level 1 in Slings
  1587 | D:2      | Reached XP level 4. HP: 18/39 MP: 2/6
  1756 | D:2      | Found an ancient bone altar of Kikubaaqudgha.
  1951 | D:2      | Reached skill level 1 in Stealth
  2011 | D:2      | Found a hide-covered altar of Uskayaw.
  2143 | D:3      | Reached skill level 1 in Shields
  2143 | D:3      | Reached XP level 5. HP: 23/44 MP: 7/7
  2825 | D:3      | Reached skill level 6 in Fighting
  3198 | D:4      | Noticed Ijyb
  3205 | D:4      | Learned a level 2 spell: Slow
  3233 | D:4      | Killed Ijyb
  3233 | D:4      | Reached XP level 6. HP: 41/52 MP: 5/8
  3275 | D:4      | Noticed Robin
  3281 | D:4      | Killed Robin
  3424 | D:4      | Noticed turnburgler's ghost (amateur HuWn)
  3473 | D:4      | HP: 1/52 [turnburgler's ghost (2)]
  3474 | D:4      | Gained mutation: You are weak. (Str -2) [potion of mutation]
  3474 | D:4      | Gained mutation: You are partially covered in thin metallic scales. (AC +2) [potion of mutation]
  3475 | D:4      | Mangled by turnburgler's ghost

Vault maps used:
D:1:      dpeg_arrival_short_road
D:2:      cheibriados_altar_1, marbit_many_paths, overflow_temple_1_default,
          hex_intersection, uniq_jessica
D:4:      gammafunk_temple_overflow_elements, minmay_temple_entry_crystal_x,
          first_bread, serial_glass, glass_columns_b, glass_columns_a,
          uniq_ijyb, uniq_robin

Skill      XL: |  1  2  3  4  5  6 |
---------------+-------------------+-----
Hexes          | 5 |  5.7
Fighting       | 2 3 5 6 |  6.2
Slings         | 1 |  1.6
Stealth        | 1 3 |  3.0
Shields        | 1 2 |  2.9
Dodging        | 4 |  4.6
Spellcasting   | 2 |  2.4
Crossbows      | |  3.2

Action                   |  1- 3 |  4- 6 || total
-------------------------+-------+-------++-------
Melee: Hand axe          |    57 |   161 ||   218
       Bite              |       |    24 ||    24
 Fire: Hunting sling     |    22 |       ||    22
       Hand crossbow     |       |     9 ||     9
Throw: Stone             |     8 |    50 ||    58
 Cast: Corona            |    19 |    47 ||    66
  Use: Scroll            |     2 |     5 ||     7
       Potion            |       |     4 ||     4
 Stab: Sleeping          |     1 |     2 ||     3
  Eat: Chunk             |     2 |     6 ||     8
       Royal jelly       |       |     1 ||     1
Armor: Robe              |    11 |    22 ||    33
       Animal skin       |       |     6 ||     6
Dodge: Dodged            |    39 |    97 ||   136
Block: Buckler           |       |    33 ||    33
